 Dungeon Crawl Stone Soup version 0.24-a0-139-geb6712d (webtiles) character file.

Game seed: 10847076420150150306

36 Anon1729 the Skirmisher (level 3, 0/26 HPs)
             Began as an Octopode Monk on Mar 1, 2019.
             Slain by a quokka (3 damage)
             ... on level 2 of the Dungeon.
             The game lasted 00:01:15 (783 turns).

Anon1729 the Skirmisher (Octopode Monk)              Turns: 783, Time: 00:01:16

Health: 0/26       AC:  1    Str: 11    XL:     3   Next: 37%
Magic:  3/3        EV: 14    Int: 12    God:
Gold:   49         SH:  0    Dex: 14    Spells: 2/2 levels left

rFire    . . .     SeeInvis .     - Unarmed
rCold    . . .     Gourm    .   (no shield)
rNeg     . . .     Faith    .   (helmet restricted)
rPois    .         Spirit   .   (no amulet)
rElec    .         Reflect  .   (no ring)
rCorr    .         Harm     .   (no ring)
MR       .....                  (no ring)
Stlth    +++.......             (no ring)
HPRegen  0.08/turn              (no ring)
MPRegen  0.08/turn              (no ring)
                                (no ring)
                                (no ring)

@: no status effects
A: almost no armour, stealthy swim, amphibious, 8 rings, constrict 8, camouflage
1, gelatinous body 1
a: no special abilities


You were on level 2 of the Dungeon.
You were not hungry.

You visited 1 branch of the dungeon, and saw 2 of its levels.

You collected 49 gold pieces.

Inventory:

Scrolls
 d - a scroll of immolation {unknown}
 g - 2 scrolls of fog {unknown}
Potions
 b - a potion of curing {unknown}
 e - a potion of lignification {unknown}
 f - a potion of cancellation {unknown}
 h - a potion of might {unknown}
Comestibles
 a - 2 rations
 c - 3 chunks of flesh


   Skills:
 + Level 3.4 Fighting
 + Level 3.3 Dodging
 + Level 3.3 Stealth
 + Level 3.3 Unarmed Combat


You had 2 spell levels left.
You didn't know any spells.
Your spell library was empty.

Dungeon Overview and Level Annotations

Branches:
Dungeon (2/15)

Altars:


Innate Abilities, Weirdness & Mutations

You cannot wear most types of armour.
You are very stealthy in the water. (Stealth+)
You are amphibious.
You can wear up to eight rings at the same time.
You can use your tentacles to constrict eight enemies at once.
Your skin changes colour to match your surroundings (Stealth+).
Your rubbery body absorbs attacks. (AC +1, EV +1)


Message History

* * * LOW HITPOINT WARNING * * *
The bat completely misses you.
You tentacle-slap the bat. Your grab misses the bat.
Your squeeze misses the bat.
The bat is moderately wounded.
The bat hits you but does no damage. The bat hits you but does no damage.
The bat hits you.
* * * LOW HITPOINT WARNING * * *
The rat barely misses you. The bat hits you but does no damage.
The bat completely misses you. The bat hits you.
* * * LOW HITPOINT WARNING * * *
The bat hits you but does no damage.
You closely miss the rat. Your grab misses the rat. The rat closely misses you.
You tentacle-slap the rat.
You kill the rat!
You closely miss the quokka. You grab the quokka. You constrict the quokka.
The quokka bites you.
You die...

.........#.........#
........r#.......##
.........rg.......
........##S######
........##J#
...........#
....S......#
......$....#####
.......##JSbr@+
###+# #######


You could see an ooze, a quokka, a bat and a ball python.

Vanquished Creatures
  2 adders
  2 dart slugs (D:1)
  3 goblins (D:1)
  3 hobgoblins (D:1)
  2 bats (D:1)
  3 rats
15 creatures vanquished.

Notes
Turn   | Place    | Note
-------+----------+-------------------------------------------
     0 | D:1      | Anon1729 the Octopode Monk began the quest for the Orb.
     0 | D:1      | Reached XP level 1. HP: 16/16 MP: 1/1
   213 | D:1      | Reached XP level 2. HP: 15/21 MP: 2/2
   750 | D:2      | Reached XP level 3. HP: 26/26 MP: 3/3
   783 | D:2      | Slain by a quokka

Levels and vault maps discovered:
D:1:      dpeg_arrival_simpleton_b, layout_loops_corners
D:2:      minmay_inner_zag, layout_basic, nicolae_qazlal_eye_of_the_storm

Skill      XL: |  1  2 |
---------------+-------+-----
Stealth        | 3 |  3.3
Fighting       | |  3.4
Dodging        | |  3.3
Unarmed Combat | |  3.3

Action                   || total
-------------------------++-------
Melee: Unarmed           ||    29
       Tentacles         ||     7
       Constrict         ||     7
       Punch             ||     1
 Stab: Sleeping          ||     3
Armor: Skin              ||     9
Dodge: Dodged            ||    40

Table legend:
 A = Non-vault XP
 B = Vault XP
 C = Vault XP percentage of total XP
 D = Non-vault monster count
 E = Vault monster count
 F = Vault count percentage of total count
                 A         B        C        D         E       F
            +---------+---------+-------+---------+---------+-------
      Total |      52 |       0 |   0.0 |      15 |       0 |   0.0
            +---------+---------+-------+---------+---------+-------
        D:1 |      38 |       0 |   0.0 |      13 |       0 |   0.0
        D:2 |      14 |       0 |   0.0 |       2 |       0 |   0.0
            +---------+---------+-------+---------+---------+-------
